 Dungeon Crawl Stone Soup version 0.20.1-2-g1830e616b0 (webtiles) character file.

290 Alfie the Shooter (level 6, -6/47 HPs)
             Began as a Human Hunter on Jan 22, 2020.
             Mangled by a worm (8 damage)
             ... while paralysed
             ... on level 3 of the Dungeon.
             The game lasted 00:09:19 (1969 turns).

Alfie the Shooter (Human Hunter)                    Turns: 1969, Time: 00:09:20

Health: -6/47      AC:  5    Str: 14    XL:     6   Next: 58%
Magic:  6/6        EV:  2    Int: 12    God:
Gold:   106        SH:  0    Dex: 13    Spells: 5/5 levels left

rFire    . . .     SeeInvis .   b - +0 short sword
rCold    . . .     Gourm    .   (no shield)
rNeg     . . .     Faith    .   c - +2 leather armour
rPois    .         Spirit   .   (no helmet)
rElec    .         Reflect  .   (no cloak)
rCorr    .         Harm     .   (no gloves)
MR       .....                  (no boots)
Stlth    +.........             (no amulet)
Regen    0.2/turn               (no ring)
MPRegen  0.1/turn               (no ring)

@: paralysed, berserk cooldown, slowed
A: no striking features
a: no special abilities


You were on level 3 of the Dungeon.
You were hungry.

You visited 1 branch of the dungeon, and saw 3 of its levels.

You collected 106 gold pieces.

Inventory:

Hand Weapons
 a - a +1 shortbow
 b - a +0 short sword (weapon)
Missiles
 d - 11 arrows
Armour
 c - a +2 leather armour (worn)
 k - a +2 pair of boots of flying
Scrolls
 i - a scroll of enchant armour
Potions
 e - a potion of heal wounds {unknown}
 h - a potion of berserk rage
 j - 2 potions of brilliance {unknown}
 l - a potion of mutation {unknown}
 m - a potion of flight {unknown}
Comestibles
 f - 2 bread rations
 g - 5 fruits


   Skills:
 + Level 3.2 Fighting
 + Level 0.4 Short Blades
 + Level 6.3 Bows
 + Level 1.5 Armour
 + Level 2.4 Dodging
 + Level 1.1 Stealth


You had 5 spell levels left.
You didn't know any spells.

Dungeon Overview and Level Annotations

Branches:
Dungeon (3/15)

Altars:
Trog
Uskayaw
The Shining One


Message History

Alfie's ghost is almost destroyed.
Alfie's ghost takes aim.
Alfie's ghost misses you.
You hit Alfie's ghost.
You destroy Alfie's ghost!
Your Fighting skill increases to level 3!
Your Bows skill increases to level 6!
Your Armour skill increases to level 1!
You have reached level 6!
Your experience leads to an increase in your attributes!
Your base attributes are Str 13, Int 12, Dex 13.
Increase (S)trength, (I)ntelligence, or (D)exterity?
You feel stronger.
Wield which item (- for none, * to show all)? (? for menu, Esc to quit)
Okay, then.
You are too berserk!
You are no longer berserk.
You pass out from exhaustion.
You feel yourself slow down. The worm bites you but does no damage.
The worm bites you!
You die...

#.## ##.##.........####...#.###
##.###...'.........'...........
##.#.####.........####...#.###
##.## ##.......## ##.##.# #.#
##.....## ####)### #.# ##...##
#...... #.# ##'## #.#.### #.#
#.# #..#.## #.# #@# #.#.###
####.#### ##w## #.#.###
#.......# ##...## #......
#.##.##.# #.....# ###.###
#.##.##.#####...###### #.#
#.##.)......(........######.#
#.#####.######.###..........#
#.#####.# #(# #...########
#.......# #.# #####


You could see a worm.

Vanquished Creatures
  The ghost of Alfie the Shooter, an amateur HuHu (D:3)
  An orc priest (D:3)
  An adder (D:2)
  A worm (D:3)
  A dart slug (D:3)
  6 orcs (D:3)
  2 ball pythons
  5 bats
  3 giant cockroaches
  6 goblins
  3 hobgoblins (D:1)
  9 kobolds
  4 frilled lizards
  5 rats
48 creatures vanquished.

Notes
Turn   | Place    | Note
-------+----------+-------------------------------------------
     0 | D:1      | Alfie the Human Hunter began the quest for the Orb.
     0 | D:1      | Reached XP level 1. HP: 16/16 MP: 1/1
    84 | D:1      | Reached XP level 2. HP: 22/22 MP: 2/2
   629 | D:1      | Reached XP level 3. HP: 27/27 MP: 3/3
   927 | D:2      | Found a hide-covered altar of Uskayaw.
   928 | D:2      | Found a glowing golden altar of the Shining One.
  1281 | D:2      | Found a bloodstained altar of Trog.
  1537 | D:3      | Reached skill level 5 in Bows
  1537 | D:3      | Reached XP level 4. HP: 33/33 MP: 4/4
  1550 | D:3      | Noticed Alfie's ghost (amateur HuHu)
  1859 | D:3      | Reached XP level 5. HP: 31/39 MP: 5/5
  1962 | D:3      | HP: 2/58 [Alfie's ghost (4)]
  1966 | D:3      | Killed Alfie's ghost
  1966 | D:3      | Reached skill level 6 in Bows
  1966 | D:3      | Reached skill level 1 in Armour
  1966 | D:3      | Reached XP level 6. HP: 3/47 MP: 6/6
  1969 | D:3      | Mangled by a worm

Skill      XL: |  1  2  3  4  5 |
---------------+----------------+-----
Bows           | 5 6 |  6.3
Fighting       | 3 |  3.2
Armour         | 1 |  1.5
Short Blades   | |  0.4
Dodging        | |  2.4
Stealth        | |  1.1

Action                   |  1- 3 |  4- 6 || total
-------------------------+-------+-------++-------
Melee: Short sword       |     8 |     8 ||    16
 Fire: Shortbow          |    76 |    53 ||   129
  Use: Scroll            |     6 |       ||     6
       Potion            |       |     1 ||     1
  Eat: Fruit             |     2 |     1 ||     3
Armor: Leather armour    |    15 |     5 ||    20
Dodge: Dodged            |    26 |    17 ||    43
